AoeStats
← AiM | CanvaL

Arabia

509928674Analyzed
1v1 RM · 3d ago on Sep 28, 2026· 36m 44s· 2 players
Game mode
Random Map
Map size
Tiny (2 player)
Population
200
Speed
Normal
Resources
Standard
Victory
Conquest
Starting age
Dark Age
Ending age
Imperial Age
RankedLock teamsTeams togetherTeam positionsShared explorationLock speedFull tech treeHidden civsTurbo modeCheats
Victory
Defeat
🇫🇷 Portuguese · France
1459
+17
🇨🇱 Mongols · Chile
1490
-17
Gianid49
5:55 Loom
8:26 Feudal Age
8:57 Double-Bit Axe
16:51 Fletching
22:42 Castle Age
21:34 Padded Archer Armor
22:46 Crossbowman
23:21 Bodkin Arrow
23:37 Town Watch
24:16 Ballistics
25:46 Bow Saw
29:34 Scale Barding Armor
32:32 Wheelbarrow
33:04 Thumb Ring
33:36 Horse Collar
38:37 Imperial Age
AiM | CanvaL
6:06 Loom
6:11 Loom
8:46 Feudal Age
11:41 Double-Bit Axe
15:18 Fletching
20:33 Horse Collar
20:45 Gold Mining
23:24 Castle Age
23:24 Crossbowman
24:43 Bodkin Arrow
35:27 Town Watch
Connection lost

Rejoining the realm…

Still unreachable

The connection could not be restored.

Session expired

The server has moved on; the page needs a fresh start.